cohdb
Replays
Latest Replays
All Replays
Popular Replays
Top Player Replays
Match Explorer
How It Works
Community
CoH3 Stats
Reddit
Sign in to upload your games and track your stats! →
Sign in with Steam
Match 46061800
Unlisted
Match 46061800
Overview
Messages
Build Orders
End
Kradschützen Motorcycle Team
Panzerpioneer Squad
Selects Battlefield Espionage Battlegroup
Panzerpioneer Squad
Construct Light Support Kompanie
Selects Intel Disruption Beacon
Fire Support Elements
MG34 Team
Veteran Squad Leaders
Flakvierling Half-track
2.5-tonne Medical Truck
Panzerjäger Squad
Vehicle Survival Package
Construct Panzerarmee Kommand
Panzerpioneer Squad
Panzerjäger Squad
Selects Plunder
Selects Firestorm
Walking Stuka Rocket Launcher
Armored Reserves
Selects 250/3 Funkpanzerwagen
Panzerjäger Squad
Firestorm
Panzerpioneer Squad
Selects Anti-Tank Incendiary Munitions
Emergency Repair Kits
Firestorm
Tiger Heavy Tank
Rapid Advance
Flakvierling Half-track
Bueno
ColaDruid
我先撤你顶上
P2A3W4E5
Devilmaki
FoxWay
potatoo
Meowming
0
0
Comments
sign in to comment!
No comments posted yet!